Unix NetHack Version 5.0.0-0 post-release - last build Jun 10 2026 00:39:30 (3ee93aec679c4c4259841fe613dc97188e26a321,branch:main).

Game began 2026-06-13 07:47:02, ended 2026-06-14 04:16:50.

Cuchullain, chaotic male human Barbarian

                        -----------------------------
                        |................^....`|....|
                        |@----------------.p...|....|
                        |BY.......|      |`.........|
                        |.........|      |`....|....|
                        |.Y.......|      |%...`|....|
                        |.........|      ---------.-|
                        |....<....|       |....|....|
                        |.........|     ---.........|
                        |......i..|     |>.....|....|
                        |......s..|     ---....|`...|
                        -----------       -----------

Cuchullain the Bandit      St:25 Dx:17 Co:18 In:7 Wi:8 Ch:7  Chaotic
Dlvl:6  $:126 HP:0(107) Pw:13(13) AC:3  Xp:9/3300 T:9293  Blind

Latest messages:
 The owlbear hits!
 You are being crushed.
 Are you sure you want to pray? [yn] (n) y
 You begin praying to Set.
 The raven starts to attack you, but pulls back.
 The owlbear loosens its grip slightly.
 The raven starts to attack you, but pulls back.
 The raven starts to attack you, but pulls back.
 The owlbear loosens its grip slightly.
 The raven starts to attack you, but pulls back.
 You finish your prayer.
 You feel that Set is well-pleased.
 You feel much better.
 You cannot escape from the owlbear!
 The raven bites!
 The owlbear hits!
 The owlbear hits again!
 You are being crushed.
 The raven bites!
 You smite the owlbear.
 The raven bites!
 The owlbear hits!
 The owlbear hits again!
 You are being crushed.
 The raven misses!
 The woodchuck turns into an owlbear!
 You smite the owlbear.
 The raven bites!
 The owlbear hits!
 The owlbear hits again!
 You are being crushed.
 The raven bites!
 You miss the owlbear.
 The raven bites!
 The owlbear hits!
 The owlbear hits again!
 You are being crushed.
 You smite the owlbear.
 The raven bites!
 The owlbear hits!
 The owlbear hits again!
 You are being crushed.
 You smite the owlbear.
 The raven bites!
 You die...
 Do you want your possessions identified? [ynq] (y) y
 Do you want to see your attributes? [ynq] (y) y
 Do you want an account of creatures vanquished? [ynaq] (y) y
 Do you want to see your conduct and achievements? [ynq] (y) y
 Do you want to see the dungeon overview? [ynq] (y) y

Inventory:
 Coins    ('$')
  $ - 126 gold pieces
 Amulets  ('"')
  B - an uncursed amulet of guarding (being worn)
 Weapons  (')')
  h - a +0 sling
  w - 5 +0 darts
  O - 4 +0 daggers
  W - the +0 Sting (weapon in right hand)
  b - a +0 axe (alternate weapon; not wielded)
  a - a rusty +1 two-handed sword
 Armor    ('[')
  c - an uncursed +0 dwarvish iron helm (being worn)
  d - an uncursed thoroughly rusty +0 pair of gauntlets of power (being worn)
  g - an uncursed very rusty +0 pair of iron shoes (being worn)
  J - an uncursed very burnt +0 elven cloak (being worn)
  f - an uncursed +0 ring mail (being worn)
 Comestibles  ('%')
  v - an uncursed apple
  x - 4 uncursed food rations
  j - an uncursed tin of pureed jaguar meat
  Z - 3 uncursed tins of sauteed floating eye meat
  r - an uncursed lizard corpse
  N - 2 uncursed lizard corpses
 Scrolls  ('?')
  z - an uncursed scroll of teleportation
 Rings    ('=')
  t - an uncursed ring of invisibility
  T - an uncursed ring of invisibility
  I - an uncursed ring of polymorph control (on right hand)
 Wands    ('/')
  V - a wand of digging (0:5)
  C - a wand of light (0:14)
  q - a wand of light (0:12)
  X - a wand of light (0:11)
  F - a wand of striking (0:0)
 Tools    ('(')
  y - an uncursed sack containing 6 items
  Q - an uncursed lock pick
  L - an uncursed oil lamp
  s - a +0 unicorn horn

Contents of the sack:
  an uncursed scroll of confuse monster
  2 uncursed scrolls of earth
  an uncursed scroll of identify
  a blessed scroll of light
  2 uncursed scrolls of teleportation
  an uncursed potion of healing

Cuchullain the Barbarian's attributes:

Background:
 You were a Bandit, a level 9 male human Barbarian.
 You were chaotic, on a mission for Set
 who was opposed by Mitra (lawful) and Crom (neutral).
 You were right-handed.
 You were in Sokoban, on level 6.
 You entered the dungeon 9293 turns ago.
 It was nighttime.
 There was a new moon in effect when your adventure ended.
 You had 3300 experience points, 1820 more were needed to attain level 10.

Basics:
 You had 0 out of 107 hit points.
 You had all 13 energy points (spell power).
 Your armor class was 3.
 Your wallet contained 126 zorkmids.
 Autopickup was off.

Final Characteristics:
 Your strength was 25 (base:17, innate limit:18/100).
 Your dexterity was 17 (peak:18, limit:18).
 Your constitution was 18 (limit:18).
 Your intelligence was 7 (limit:18).
 Your wisdom was 8 (limit:18).
 Your charisma was 7 (limit:18).

Final Status:
 You were temporarily blind.
 You were held by an owlbear (southeast).
 You weren't hungry.
 You were unencumbered.
 You were wielding a dagger.
 You were unskilled in dagger and could have enhanced that.

Final Attributes:
 You were piously aligned.
 You were cold resistant.
 You were poison resistant.
 You were telepathic.
 You were aware of the presence of orcs.
 You were stealthy.
 You had a small defense bonus (+2).
 You were protected.
 You had polymorph control.
 You were fast.
 You are dead.

Miscellaneous:
 You didn't encounter any bones levels.
 Total elapsed playing time was 2 hours, 41 minutes and 31 seconds.

Major events:
 Turn
    1: Cuchullain the chaotic male human Barbarian entered the dungeon
  933: attained the rank of Pillager (level 3)
 1520: entered the Gnomish Mines
 2161: attained the rank of Bandit (level 6)
 2240: reached Mine Town
 6452: chose an elven dagger to be named "Sting"
 7937: consulted the Oracle
 8474: just blew up his bag of holding
 8522: entered Sokoban
 8779: completed 1st Sokoban level
 9260: completed 2nd Sokoban level
 9293: killed by a raven

You didn't know any spells.

Skills:
 Fighting Skills
   bare handed combat [Basic]
   two weapon combat  [Unskilled]
   riding             [Unskilled]
 Weapon Skills
   dagger             [Unskilled]
   axe                [Basic]
   pick-axe           [Basic]
   short sword        [Unskilled]
   broadsword         [Unskilled]
   long sword         [Unskilled]
   two-handed sword   [Skilled]
   saber              [Unskilled]
   club               [Unskilled]
   mace               [Unskilled]
   morning star       [Unskilled]
   flail              [Unskilled]
   hammer             [Unskilled]
   quarterstaff       [Unskilled]
   spear              [Unskilled]
   trident            [Unskilled]
   bow                [Unskilled]
 Spellcasting Skills
   attack spells      [Unskilled]
   escape spells      [Unskilled]

Voluntary challenges:
 Character rerolling was not enabled.
 You never genocided any monsters.
 You never polymorphed an object.
 You never changed form.
 You used no wishes.
 You did not violate any of the special Sokoban rules.
Achievements:
 You attained the rank of Pillager.
 You entered the Gnomish Mines.
 You attained the rank of Bandit.
 You entered Minetown.
 You entered a temple.
 You entered a shop.
 You consulted the Oracle of Delphi.
 You entered Sokoban.

 The Dungeons of Doom: levels 1 to 9
    Level 1:
       A fountain.
    Level 2:
    Level 3:
       A ring shop, a fountain.
    Level 4:
       A fountain.
       Stairs down to The Gnomish Mines.
    Level 5:
       A fountain.
    Level 6:
    Level 7:
       Many fountains.
       Oracle of Delphi.
    Level 8:
       A general store.
       Stairs up to Sokoban, level 7.
    Level 9:
 The Gnomish Mines: levels 5 to 9
    Level 5:
    Level 6:
    Level 7:
    Level 8:
       Many shops, a temple and an altar, many fountains.
    Level 9:
 Sokoban: levels 7 up to 6
    Level 6: <- You were here.
       Solved.
       Final resting place for
          you, killed by a raven.
    Level 7:
       Solved.


Vanquished creatures:
  a large mimic
  4 small mimics
  a pyrolisk
  a large dog
  a gargoyle
 an elf mummy
  a quivering blob
  a panther
  3 giant spiders
  a black light
  2 gnome rulers
  a rust monster
  a werewolf
  4 lizards
  a dingo
  4 dwarf leaders
  a blue jelly
  a white unicorn
  a dust vortex
  a raven
  2 plains centaurs
  3 gnome mummies
  5 water moccasins
  5 apes
  a Woodland-elf
  2 soldier ants
  3 wood nymphs
  a mountain nymph
  a Mordor orc
  2 orc shamans
  a rock piercer
  a rock mole
  a fog cloud
  3 yellow lights
  2 shriekers
  9 gnome leaders
  4 gnomish wizards
  a kobold mummy
  a ghoul
  a baby crocodile
  4 giant ants
  2 floating eyes
  a kitten
 10 dwarves
  3 hill orcs
  2 rabid rats
  2 centipedes
  a giant bat
  4 orc zombies
  a werejackal
  6 iguanas
 11 killer bees
  3 acid blobs
  a hobbit
  2 manes
  6 giant rats
  a brown mold
  3 red molds
 33 gnomes
  9 garter snakes
  5 geckos
  2 jackals
  a goblin
  7 sewer rats
  7 grid bugs
  3 bats
  3 lichens
  a kobold zombie
  6 newts
221 creatures vanquished.

No species were genocided or became extinct.

Game over:
                       ----------
                      /          \
                     /    REST    \
                    /      IN      \
                   /     PEACE      \
                  /                  \
                  |    Cuchullain    |
                  |      126 Au      |
                  |   killed by a    |
                  |      raven       |
                  |                  |
                  |                  |
                  |       2026       |
                 *|     *  *  *      | *
        _________)/\\_//(\/(/\)/\//\/|_)_______

Goodbye Cuchullain the Barbarian...

You died in Sokoban on dungeon level 6 with 13755 points,
and 126 pieces of gold, after 9293 moves.
You were level 9 with a maximum of 107 hit points when you died.

